[Event "Titled Tuesday Blitz May 4 2021"]
[White "Kanyamarala, Trisha"]
[Black "Novikov, Evgenij"]
[WhiteFideId "45004722"]
[BlackFideId "4125380"]
[WhiteElo "2074"]
[BlackElo "2242"]
[Result "0-1"]
[Round "05"]
[TimeControl "180+1"]
[Date "2021.05.04"]
[WhiteClock "0:00:01"]
[BlackClock "0:00:28"]

1. d4 Nf6 2. c4 c5 3. d5 b5 4. Nf3 d6 5. Nc3 b4 6. Nb1 g6 7. Nbd2 Bg7 8. e4 O-O 9. Be2 a5 10. O-O a4 11. Rb1 Nbd7 12. h3 Nb6 13. Re1 Nfd7 14. Nf1 Ba6 15. b3 axb3 16. axb3 Bb7 17. Bb2 Bxb2 18. Rxb2 Ra3 19. Qc1 f6 20. Qh6 Rf7 21. N1h2 Qf8 22. Qd2 Ne5 23. Nxe5 fxe5 24. Ng4 Kh8 25. Bd3 Bc8 26. Qe2 Bxg4 27. Qxg4 Na4 28. Rbb1 Nc3 29. Rb2 Kg7 30. Qg3 h6 31. Qe3 g5 32. Rc1 Rf4 33. Re1 Kg6 34. g3 Rf3 35. Qd2 h5 36. Be2 Nxe2+ 0-1


[Site "https://www.chess.com"]

[Event "Titled Tuesday Blitz May 4 2021"]
[White "Kapitanchuk, Tomas"]
[Black "freshfoodcompany"]
[WhiteFideId "135046"]
[WhiteElo "1955"]
[BlackElo "2384"]
[Result "0-1"]
[Round "05"]
[TimeControl "180+1"]
[Date "2021.05.04"]
[WhiteClock "0:00:25"]
[BlackClock "0:00:07"]

1. e4 c6 2. d4 d5 3. exd5 cxd5 4. Bd3 Nc6 5. c3 Nf6 6. Bf4 Bg4 7. Qb3 Qd7 8. Nd2 e6 9. Ne2 Bd6 10. Bxd6 Qxd6 11. Ng3 O-O 12. O-O Bh5 13. Nxh5 Nxh5 14. Rfe1 Nf4 15. Bf1 b6 16. g3 Ng6 17. h4 Nge7 18. Qd1 Rae8 19. Qh5 Ng6 20. Bg2 f5 21. f4 Nd8 22. Qe2 Ne7 23. Nf3 Nec6 24. Ne5 Nf7 25. Nd3 Nh6 26. Bf3 Kh8 27. Kh2 Ng8 28. Bh5 Re7 29. Ne5 Nf6 30. Bf3 Ne4 31. Bxe4 dxe4 32. Qh5 Nxe5 33. fxe5 Qd7 34. Rf1 Qe8 35. Qe2 Qg6 36. Rf4 Ref7 37. Raf1 h6 38. h5 Qg5 39. Kg2 Kg8 40. Rh1 Rd8 41. Qc4 Qe7 42. Rhf1 Qd7 43. g4 Rc8 44. Qe2 Rcf8 45. gxf5 Rxf5 46. Qxe4 Rg5+ 47. Rg4 Rxg4+ 48. Qxg4 Qd5+ 49. Rf3 Rxf3 50. Qxf3 Qxa2 51. Qa8+ Kh7 52. Qe4+ Kg8 53. Qe2 Qd5+ 54. Kg3 Qd7 55. Qe4 Qf7 56. Qf3 Qe7 57. Qa8+ Kh7 58. Qe4+ Kg8 59. Qg6 Qf7 60. Qxf7+ Kxf7 61. c4 g5 62. hxg6+ Kxg6 63. d5 exd5 64. cxd5 Kf5 65. d6 Ke6 66. Kh4 a5 67. Kh5 b5 68. Kg6 a4 69. Kg7 b4 70. Kf8 a3 71. bxa3 bxa3 72. Ke8 a2 73. d7 a1=Q 74. d8=Q Qa4+ 75. Kf8 Qf4+ 76. Kg8 Qg5+ 77. Qxg5 hxg5 78. Kg7 g4 79. Kg6 g3 80. Kg5 g2 81. Kf4 g1=Q 82. Ke4 Qc5 83. Kf4 Qxe5+ 84. Kg4 Kf6 85. Kf3 Kf5 86. Kg2 Qf4 87. Kg1 Qf3 88. Kh2 Kg4 89. Kg1 Qe2 90. Kh1 Kg3 91. Kg1 Qe1# 0-1


[Site "https://www.chess.com"]

[Event "Titled Tuesday Blitz May 4 2021"]
[White "Karttunen, Mika"]
[Black "Prydun, Andriy"]
[WhiteFideId "502081"]
[BlackFideId "14145898"]
[WhiteElo "2343"]
[BlackElo "2033"]
[Result "1-0"]
[Round "05"]
[TimeControl "180+1"]
[Date "2021.05.04"]
[WhiteClock "0:01:02"]
[BlackClock "0:00:24"]

1. d4 d5 2. Bf4 Nc6 3. Nf3 Bg4 4. Nbd2 f6 5. h3 Bh5 6. g4 Bf7 7. Bg2 Qd7 8. a3 Nxd4 9. Nxd4 e5 10. Bxe5 fxe5 11. Nf5 g6 12. Ng3 e4 13. e3 Bd6 14. Ne2 h5 15. gxh5 Rxh5 16. c4 Nf6 17. Qc2 Qe7 18. b4 O-O-O 19. c5 Be5 20. O-O-O d4 21. exd4 Bxd4 22. Nxe4 Nxe4 23. Qxe4 Re5 24. Qxb7+ 1-0


[Site "https://www.chess.com"]

[Event "Titled Tuesday Blitz May 4 2021"]
[White "Kavinda, Akila"]
[Black "Lewtak, Damian"]
[WhiteFideId "9901302"]
[BlackFideId "1141724"]
[WhiteElo "2043"]
[BlackElo "2291"]
[Result "1-0"]
[Round "05"]
[TimeControl "180+1"]
[Date "2021.05.04"]
[WhiteClock "0:00:40"]
[BlackClock "0:00:15"]

1. e4 c5 2. Nf3 d6 3. d4 cxd4 4. Nxd4 Nf6 5. Nc3 Nc6 6. Be3 e5 7. Nb3 Be7 8. Be2 O-O 9. O-O a5 10. a4 Nb4 11. f4 exf4 12. Bxf4 Be6 13. Kh1 d5 14. e5 Ne4 15. Nd4 Nc5 16. Ncb5 Nc6 17. Qe1 Qd7 18. Bf3 Rfd8 19. Qg3 Kh8 20. Rad1 Nxd4 21. Nxd4 Qxa4 22. b3 Qe8 23. Bh5 g6 24. Bf3 Rac8 25. Bh6 Ne4 26. Bxe4 dxe4 27. Nxe6 fxe6 28. Qg4 Rxd1 29. Rxd1 Rd8 30. Rf1 Qc6 31. Qf4 e3 32. Qf7 Rg8 33. Qxe7 e2 34. Qf6+ 1-0


[Site "https://www.chess.com"]

[Event "Titled Tuesday Blitz May 4 2021"]
[White "Khnykin, Nikolay"]
[Black "Ismayil, Malak"]
[WhiteFideId "4188853"]
[BlackFideId "13412604"]
[WhiteElo "2280"]
[BlackElo "1879"]
[Result "0-1"]
[Round "05"]
[TimeControl "180+1"]
[Date "2021.05.04"]
[WhiteClock "0:00:03"]
[BlackClock "0:00:04"]

1. e4 e5 2. Nf3 Nc6 3. Bc4 Bc5 4. b4 Bxb4 5. c3 Ba5 6. d4 exd4 7. Qb3 Qe7 8. O-O Nf6 9. e5 Ne4 10. Re1 Nc5 11. Qc2 d3 12. Qd2 a6 13. Ba3 b5 14. Bxd3 Bb7 15. Qe3 Bb6 16. Bc2 O-O-O 17. Nbd2 Na5 18. Qe2 g5 19. Nd4 h5 20. N2b3 Nc4 21. Bb4 Rde8 22. a4 bxa4 23. Rxa4 Qxe5 24. Qxe5 Rxe5 25. Rxe5 Nxe5 26. Nxc5 Bxc5 27. Bxc5 d6 28. Ba3 c5 29. Nf5 Kc7 30. f4 gxf4 31. Rxf4 Rg8 32. g3 Nf3+ 33. Kf2 Nxh2 34. Nh4 Ng4+ 35. Kg1 Ne5 36. Kf2 Ng4+ 37. Ke2 Re8+ 38. Kd2 Ne5 39. Rf5 Rg8 40. Kc1 Rxg3 41. Rxh5 Rxc3 42. Bb2 Re3 43. Bxe5 dxe5 44. Rh7 Bd5 45. Nf5 Rf3 46. Nh6 Kb6 47. Ng4 Rf1+ 48. Kb2 e4 49. Ne5 Rf5 50. Nd7+ Kb5 51. Rh2 Rf3 52. Re2 f5 53. Ne5 Rf1 54. Ng6 a5 55. Ne7 Bc4 56. Re3 a4 57. Ng6 Kb4 58. Ne5 Rf2 59. Nxc4 Kxc4 60. Ra3 Kd4 61. Rxa4+ c4 62. Ra3 f4 63. Rc3 e3 64. Kc1 Rf1+ 65. Kb2 e2 66. Rh3 e1=Q 67. Ra3 Qc1+ 68. Ka2 Qxc2# 0-1


[Site "https://www.chess.com"]

[Event "Titled Tuesday Blitz May 4 2021"]
[White "Kokoszczynski, Jan"]
[Black "Tomb, Maroun"]
[WhiteFideId "1174460"]
[BlackFideId "5300398"]
[WhiteElo "2166"]
[BlackElo "2570"]
[Result "0-1"]
[Round "05"]
[TimeControl "180+1"]
[Date "2021.05.04"]
[WhiteClock "0:00:07"]
[BlackClock "0:00:32"]

1. d4 Nf6 2. c4 d6 3. Nc3 Nbd7 4. g3 e5 5. Bg2 Be7 6. e3 c6 7. Nge2 O-O 8. O-O Re8 9. b3 Qc7 10. Bb2 Nf8 11. Rc1 h6 12. c5 dxc5 13. dxe5 Ng4 14. Ne4 Nxe5 15. Nxc5 Bg4 16. Bxe5 Qxe5 17. Nxb7 Qb5 18. Bxc6 Qxe2 19. Qxe2 Bxe2 20. Rfe1 Ba3 21. Rxe2 Bxc1 22. Rc2 Ba3 23. Bxe8 Rxe8 24. Rc7 Ne6 25. Rd7 Nc5 26. Nxc5 Bxc5 27. Kg2 g5 28. Rd5 Bb6 29. Kf3 Kg7 30. a4 Re6 31. a5 Bc7 32. b4 a6 33. Ke2 Kf6 34. b5 Bxa5 35. bxa6 Rxa6 36. Rb5 Bc7 37. Kf3 Bd6 38. Kg2 Ke6 39. h3 Ra2 40. Kf3 f6 41. g4 Ra1 42. Kg2 Be5 43. Rb6+ Kf7 44. Rb7+ Kg6 45. Rb4 h5 46. Rc4 Ra2 47. Kf3 Bb8 48. Rb4 Bd6 49. Rd4 Bh2 50. Kg2 Be5 51. Rc4 h4 52. Kf3 Kf7 53. Kg2 Ke6 54. Rc6+ Kd5 55. Rc8 Ke4 56. Rc4+ Kd3 57. Rc1 Ke2 58. Rc8 Rd2 59. Rc1 Bb2 60. Rb1 Rc2 61. Rg1 Bc3 62. Rb1 Bb2 63. Rf1 Rc1 64. Rxc1 Bxc1 65. f4 Bxe3 66. fxg5 fxg5 67. Kh2 Kf3 68. Kh1 Bf4 69. Kg1 Kg3 70. Kh1 Kxh3 0-1


[Site "https://www.chess.com"]

[Event "Titled Tuesday Blitz May 4 2021"]
[White "Komiagina, Maria"]
[Black "Lagunow, Raphael"]
[WhiteFideId "4153987"]
[BlackFideId "24652644"]
[WhiteElo "2014"]
[BlackElo "2400"]
[Result "0-1"]
[Round "05"]
[TimeControl "180+1"]
[Date "2021.05.04"]
[WhiteClock "0:00:15"]
[BlackClock "0:01:22"]

1. e4 c5 2. Nf3 Nc6 3. Bb5 g6 4. Bxc6 dxc6 5. d3 Bg7 6. h3 Nh6 7. Nc3 f6 8. Be3 b6 9. Qd2 Nf7 10. O-O-O e5 11. Nh2 Be6 12. f4 Qe7 13. Nf3 exf4 14. Bxf4 O-O-O 15. Qe3 Rhe8 16. Kb1 f5 17. e5 h6 18. h4 Bd5 19. Rhe1 Bxf3 20. Qxf3 Qe6 21. Qg3 Rg8 22. Qf2 g5 23. hxg5 hxg5 24. Bh2 Rge8 25. d4 cxd4 26. Rxd4 Rxd4 27. Qxd4 Bxe5 28. Qa4 Kb7 29. Bxe5 Nxe5 30. a3 Re7 31. Rd1 Rd7 32. Rxd7+ Nxd7 33. Qd4 Nf6 34. b3 Ne4 35. Nxe4 fxe4 36. Qg7+ Ka6 37. Qxg5 e3 38. Kc1 e2 0-1


[Site "https://www.chess.com"]

[Event "Titled Tuesday Blitz May 4 2021"]
[White "Korchagina, Alena"]
[Black "Roebers, Jan"]
[WhiteFideId "24173452"]
[BlackFideId "1007815"]
[WhiteElo "1919"]
[BlackElo "2189"]
[Result "0-1"]
[Round "05"]
[TimeControl "180+1"]
[Date "2021.05.04"]
[WhiteClock "0:00:02"]
[BlackClock "0:01:04"]

1. Nf3 Nf6 2. c4 g6 3. Nc3 Bg7 4. e4 d6 5. d4 O-O 6. Be2 Bg4 7. O-O Nc6 8. Be3 Nd7 9. h3 Bxf3 10. Bxf3 e5 11. d5 Nd4 12. Be2 c5 13. dxc6 bxc6 14. f3 Rb8 15. Qd2 f5 16. Rab1 Nc5 17. b4 Nce6 18. Rfd1 Kh8 19. Bf1 Qh4 20. Bf2 Qf4 21. Ne2 Qxd2 22. Rxd2 fxe4 23. fxe4 Rb7 24. Nxd4 Nxd4 25. Bxd4 exd4 26. b5 c5 27. Bd3 Rbf7 28. Rf1 Rxf1+ 29. Bxf1 Bh6 30. Rd1 Be3+ 31. Kh2 Rf2 32. Ra1 Bd2 33. a4 Bc3 34. Rd1 Ra2 35. Bd3 Rxa4 36. Rf1 Kg7 37. Kg3 Ra2 38. Rf3 Rd2 39. Kg4 Rxg2+ 40. Kh4 h6 0-1


[Site "https://www.chess.com"]

[Event "Titled Tuesday Blitz May 4 2021"]
[White "Korchmar, Vasiliy"]
[Black "Shirazi, Kamran"]
[WhiteFideId "24131750"]
[BlackFideId "2000733"]
[WhiteElo "2370"]
[BlackElo "2317"]
[Result "1-0"]
[Round "05"]
[TimeControl "180+1"]
[Date "2021.05.04"]
[WhiteClock "0:00:09"]
[BlackClock "0:00:14"]

1. d4 Nf6 2. Nf3 b6 3. Bf4 Bb7 4. Nbd2 Nh5 5. Bg5 h6 6. Bh4 g5 7. Bg3 Bg7 8. c3 c5 9. e4 d6 10. d5 a6 11. a4 O-O 12. Bd3 e6 13. dxe6 fxe6 14. O-O Nf4 15. Bxf4 Rxf4 16. Nc4 d5 17. exd5 exd5 18. Ne3 Nd7 19. Nf5 Qf6 20. Ng3 Qf8 21. Nh5 Rf7 22. Bc2 Ne5 23. Nxe5 Bxe5 24. Qd3 Qd6 25. g3 Raf8 26. Rae1 c4 27. Qg6+ Qxg6 28. Bxg6 Re7 29. f4 Bd6 30. Rxe7 Bxe7 31. f5 Bc5+ 32. Kg2 d4+ 33. Kh3 d3 34. g4 Bc6 35. f6 Bxa4 36. f7+ Kh8 37. Rf6 Be7 38. Re6 Bc5 39. Bxd3 Rxf7 40. Rxh6+ Kg8 41. Bxc4 Kf8 42. Bxf7 Kxf7 43. Rf6+ Ke7 44. Rg6 Be3 45. Ng3 Bc2 46. Rc6 Kd7 47. Rh6 Bd3 48. Rh8 Bf4 49. Rf8 Ke7 50. Ra8 Kd6 51. Rd8+ Kc6 52. Rxd3 b5 53. Nh5 b4 54. cxb4 Be5 55. Re3 Bxb2 56. Rb3 Kb5 57. Ng3 Bc3 58. Rb1 Kc4 59. Ne2 Bxb4 60. Nc1 Kb5 61. Na2 a5 62. Nxb4 axb4 63. Kg3 Kc4 64. h4 Kc3 65. hxg5 Kc2 66. Rxb4 Kd3 67. Rf4 Ke3 68. g6 Kd3 69. g7 Ke2 70. g8=Q Kd3 71. Qe6 1-0


[Site "https://www.chess.com"]

[Event "Titled Tuesday Blitz May 4 2021"]
[White "Kostiukov, Alexandr"]
[Black "Necula, Iulian"]
[WhiteFideId "14108100"]
[BlackFideId "1232380"]
[WhiteElo "2240"]
[BlackElo "1776"]
[Result "1-0"]
[Round "05"]
[TimeControl "180+1"]
[Date "2021.05.04"]
[WhiteClock "0:00:32"]
[BlackClock "0:01:01"]

1. g3 d6 2. Bg2 f5 3. c4 Nf6 4. Nc3 g6 5. Nf3 Bg7 6. O-O O-O 7. d4 c6 8. b3 Na6 9. Bb2 Qc7 10. d5 e5 11. dxe6 Bxe6 12. Ng5 Bd7 13. Ba3 Nc5 14. Rc1 h6 15. Nh3 Rad8 16. Nf4 Kh7 17. Nd3 Nxd3 18. Qxd3 Be6 19. e4 fxe4 20. Nxe4 Nxe4 21. Bxe4 Bf5 22. Bxf5 Rxf5 23. Rcd1 d5 24. Kg2 Qf7 25. f4 Re8 26. Rf2 dxc4 27. bxc4 Ra5 28. h4 Qf5 29. Qxf5 gxf5 30. Bd6 Rd8 31. Rfd2 Ra4 32. Bc7 Rxd2+ 33. Rxd2 Rxc4 34. Rd7 Rc2+ 35. Kh3 Kg6 36. a4 Ra2 37. h5+ Kf6 38. Be5+ Ke6 39. Rxg7 Rxa4 40. Rg6+ Kd5 41. Rxh6 b5 42. Rd6+ Ke4 43. h6 1-0


[Site "https://www.chess.com"]

[Event "Titled Tuesday Blitz May 4 2021"]
[White "Kriti Mayur Patel"]
[Black "Nastore, Pavel-Alexandru"]
[WhiteFideId "35061780"]
[BlackFideId "1255002"]
[WhiteElo "1212"]
[BlackElo "1809"]
[Result "1-0"]
[Round "05"]
[TimeControl "180+1"]
[Date "2021.05.04"]
[WhiteClock "0:00:41"]
[BlackClock "0:00:02"]

1. e4 c5 2. d4 cxd4 3. c3 d5 4. exd5 Qxd5 5. cxd4 Nc6 6. Nf3 Bg4 7. Nc3 Qa5 8. d5 Rd8 9. Bd2 Nb8 10. Rc1 Nf6 11. Nb5 Qxa2 12. Nc7+ Kd7 13. Bb5+ Nc6 14. dxc6+ Kxc7 15. Bf4+ e5 16. Bxe5+ Bd6 17. cxb7+ Kxb7 18. Bc6+ Kb6 19. Qd4+ Ka6 20. O-O Bxe5 21. Qxe5 Qb3 22. Ra1+ Kb6 23. Rfc1 Bxf3 24. Bxf3 Nd7 25. Qc7+ Kb5 26. Qb7+ Nb6 27. Be2+ Kb4 28. Qe4+ 1-0


[Site "https://www.chess.com"]

[Event "Titled Tuesday Blitz May 4 2021"]
[White "Krysa, Leandro"]
[Black "Tokman, Ariel"]
[WhiteFideId "116807"]
[BlackFideId "117420"]
[WhiteElo "2490"]
[BlackElo "2345"]
[Result "1-0"]
[Round "05"]
[TimeControl "180+1"]
[Date "2021.05.04"]
[WhiteClock "0:00:50"]
[BlackClock "0:00:01"]

1. d4 Nf6 2. c4 e6 3. Nc3 d5 4. cxd5 exd5 5. Bg5 c6 6. e3 Nbd7 7. Bd3 Be7 8. Qc2 O-O 9. Nf3 Re8 10. Bf4 Nf8 11. h3 Ng6 12. Bh2 Bd6 13. Bxd6 Qxd6 14. O-O Bd7 15. Rab1 Re7 16. b4 Rae8 17. b5 Ne4 18. bxc6 bxc6 19. Rb7 Qf6 20. Nxe4 dxe4 21. Bxe4 h5 22. Bxg6 fxg6 23. Ne5 Bf5 24. Rxe7 Rxe7 25. Qxc6 Kh7 26. Rc1 Qg5 27. Qa8 1-0


[Site "https://www.chess.com"]

[Event "Titled Tuesday Blitz May 4 2021"]
[White "Kubatko, Ivan"]
[Black "Diaz Perez, Michel Alejandro"]
[WhiteFideId "24111473"]
[BlackFideId "3517179"]
[WhiteElo "2285"]
[BlackElo "2337"]
[Result "1-0"]
[Round "05"]
[TimeControl "180+1"]
[Date "2021.05.04"]
[WhiteClock "0:00:06"]
[BlackClock "0:00:11"]

1. e4 d5 2. exd5 Nf6 3. d4 Bg4 4. Be2 Bxe2 5. Nxe2 Qxd5 6. O-O Nc6 7. Nbc3 Qh5 8. Nf4 Qxd1 9. Rxd1 O-O-O 10. Be3 e6 11. d5 exd5 12. Nfxd5 Nxd5 13. Nxd5 Bd6 14. c4 Rhe8 15. b3 a6 16. Kf1 f6 17. Rac1 h5 18. h3 Be5 19. b4 Ne7 20. Nxe7+ Rxe7 21. a4 Red7 22. Ke2 Re8 23. Rxd7 Kxd7 24. Rd1+ Ke6 25. Kf3 Rb8 26. g4 hxg4+ 27. hxg4 Bc3 28. b5 axb5 29. axb5 Ra8 30. Rc1 Be5 31. c5 Ra5 32. b6 c6 33. Rd1 Ke7 34. Kg2 g5 35. Rd3 Ra4 36. Kf3 Ra2 37. Rd1 Bc3 38. Rh1 Ra3 39. Rh7+ Ke6 40. Kg2 Bd4 41. Bxd4 Rd3 42. Be3 Rc3 43. Rxb7 Rc4 44. Rc7 Rxg4+ 45. Kf3 Rb4 46. b7 Kd5 47. Rd7+ Ke5 48. Rh7 f5 49. Ke2 g4 50. Bd2 Rb3 51. Kd1 Kd5 52. Kc2 Rb5 53. Bf4 Rxc5+ 54. Kd2 Rb5 55. b8=Q Rxb8 56. Bxb8 Ke4 57. Bg3 f4 58. Bh4 Kf3 59. Rf7 c5 60. Bg5 Kxf2 61. Bxf4 Kg2 62. Rg7 Kf3 63. Bd6 c4 64. Kc3 1-0


[Site "https://www.chess.com"]

[Event "Titled Tuesday Blitz May 4 2021"]
[White "Kubicka, Anna"]
[Black "Kiselev, Gennady"]
[WhiteFideId "1152254"]
[BlackFideId "4117107"]
[WhiteElo "2010"]
[BlackElo "2323"]
[Result "1/2-1/2"]
[Round "05"]
[TimeControl "180+1"]
[Date "2021.05.04"]
[WhiteClock "0:00:25"]
[BlackClock "0:00:32"]

1. e4 c5 2. Ne2 Nc6 3. d4 cxd4 4. Nxd4 Nf6 5. Nc3 d6 6. Bg5 Bd7 7. Qd2 Rc8 8. O-O-O Nxd4 9. Qxd4 Qa5 10. Bxf6 gxf6 11. Kb1 Qc5 12. Qxc5 Rxc5 13. f4 f5 14. Bd3 fxe4 15. Nxe4 Rc7 16. Rhe1 Kd8 17. Nc3 Bc6 18. Be4 Bg7 19. Bxc6 Bxc3 20. bxc3 Rxc6 21. Rd3 Kd7 22. Rde3 e6 23. Rh3 Ke7 24. Ree3 Rc4 25. Rh4 Kf6 26. Reh3 Kg7 27. Kb2 b5 28. a3 h6 29. Rg3+ Kf6 30. Rd3 d5 31. Rdh3 Kg6 32. Re3 a5 33. Rd3 a4 34. Rf3 Re4 35. Rg3+ Kf6 36. Rgh3 Kg6 37. Rg4+ Kf6 38. Rgh4 Kg6 39. Rg3+ Kf6 40. Rgh3 1/2-1/2


[Site "https://www.chess.com"]

[Event "Titled Tuesday Blitz May 4 2021"]
[White "Lazavik, Denis"]
[Black "Keymer, Vincent"]
[WhiteFideId "13515110"]
[BlackFideId "12940690"]
[WhiteElo "2436"]
[BlackElo "2474"]
[Result "0-1"]
[Round "05"]
[TimeControl "180+1"]
[Date "2021.05.04"]
[WhiteClock "0:00:02"]
[BlackClock "0:00:03"]

1. d4 Nf6 2. c4 e6 3. Nf3 d5 4. Nc3 c5 5. cxd5 Nxd5 6. e4 Nxc3 7. bxc3 cxd4 8. cxd4 Bb4+ 9. Bd2 Bxd2+ 10. Qxd2 O-O 11. Bc4 Nd7 12. O-O b6 13. Rad1 Bb7 14. Rfe1 Rc8 15. Bb3 h6 16. Re3 Nf6 17. d5 exd5 18. e5 Ne4 19. Qe1 Nc5 20. Nd4 Qd7 21. f3 Rce8 22. Bc2 Bc8 23. Qg3 Qc7 24. Nb5 Qc6 25. Nd6 Re7 26. Bf5 Be6 27. Rd4 Nd7 28. Rg4 g6 29. Rxg6+ fxg6 30. Qxg6+ Rg7 31. Qxe6+ Rff7 32. Re1 Qc5+ 33. Kh1 Qf2 34. Rg1 Nc5 35. Qxh6 Re7 36. Nc8 Rxe5 37. Nd6 Qxg2+ 38. Rxg2 Re1+ 39. Rg1 Rexg1# 0-1


[Site "https://www.chess.com"]

[Event "Titled Tuesday Blitz May 4 2021"]
[White "Lehtosaari, Mauri"]
[Black "Harshavardhan G B"]
[WhiteFideId "501999"]
[BlackFideId "25059009"]
[WhiteElo "2404"]
[BlackElo "1825"]
[Result "0-1"]
[Round "05"]
[TimeControl "180+1"]
[Date "2021.05.04"]
[WhiteClock "0:00:05"]
[BlackClock "0:00:24"]

1. d4 d5 2. Nf3 Nf6 3. Bg5 Nbd7 4. Nbd2 g6 5. e3 Bg7 6. Be2 O-O 7. O-O c6 8. c4 b6 9. Rc1 Bb7 10. b4 a6 11. c5 b5 12. a4 Re8 13. Ne5 Nxe5 14. dxe5 Nd7 15. e6 fxe6 16. Bg4 Nf8 17. axb5 axb5 18. Nb3 Bc8 19. f4 e5 20. fxe5 Bxe5 21. Nd4 Qc7 22. h3 Bg7 23. Qf3 e5 24. Nxb5 cxb5 25. Qxd5+ Be6 26. Rxf8+ Rxf8 27. Bxe6+ Kh8 28. e4 Qa7 29. Kh1 Qa3 30. Rb1 Qg3 31. h4 Bf6 32. Bxf6+ Rxf6 33. Bh3 Raf8 34. Qd1 Qxh4 35. c6 Rxc6 36. Qg1 Rc3 37. Rd1 Rxh3+ 38. gxh3 Qxh3+ 39. Qh2 Qf3+ 40. Qg2 Qxd1+ 41. Kh2 0-1


[Site "https://www.chess.com"]

[Event "Titled Tuesday Blitz May 4 2021"]
[White "Leitao, Rafael"]
[Black "Crevatin, Leo"]
[WhiteFideId "2101246"]
[BlackFideId "1726307"]
[WhiteElo "2609"]
[BlackElo "2081"]
[Result "1-0"]
[Round "05"]
[TimeControl "180+1"]
[Date "2021.05.04"]
[WhiteClock "0:00:24"]
[BlackClock "0:00:04"]

1. c4 e6 2. g3 d5 3. Bg2 dxc4 4. Qa4+ Nd7 5. Qxc4 a6 6. Nf3 b5 7. Qc2 Bb7 8. O-O Ngf6 9. a4 c5 10. d3 Bd6 11. Nc3 Qb6 12. axb5 axb5 13. Rxa8+ Bxa8 14. Bd2 O-O 15. Ra1 Bc6 16. Qb3 h6 17. Be1 b4 18. Nd1 Bd5 19. Qc2 b3 20. Qd2 Ra8 21. Rxa8+ Bxa8 22. Ne3 Bd5 23. Qa5 Qxa5 24. Bxa5 Ne5 25. Nd2 Nc6 26. Bc3 Bxg2 27. Kxg2 Nd5 28. Nxd5 exd5 29. Nxb3 d4 30. Bd2 f5 31. Bf4 Be7 32. Bc7 Nb4 33. Bb6 Na6 34. e3 dxe3 35. fxe3 Kf7 36. Kf3 Ke6 37. Na5 Nb4 38. Ke2 Nd5 39. Nc4 g5 40. Ba5 Bf6 41. Kd2 h5 42. Bc3 Nxc3 43. bxc3 h4 44. d4 Kd5 45. Kd3 cxd4 46. exd4 hxg3 47. hxg3 f4 48. gxf4 gxf4 49. Nd2 Bg5 50. Nf3 Bf6 51. c4+ Ke6 52. Ke4 Kd7 53. Kxf4 Be7 54. Ke4 Bb4 55. Kd5 Ba3 56. Ne5+ Ke7 57. c5 Bb2 58. Nc4 Bc3 59. Nd6 Bb4 60. Nb5 Ba5 61. Kc6 Bd2 62. d5 Be3 63. d6+ Kd8 64. Nc7 Kc8 65. Ne6 Kb8 66. d7 Bxc5 67. Kxc5 Kb7 68. d8=Q 1-0


[Site "https://www.chess.com"]

[Event "Titled Tuesday Blitz May 4 2021"]
[White "Lizlov, Alexey"]
[Black "Jaskolka, Tomasz"]
[WhiteFideId "4179803"]
[BlackFideId "1170791"]
[WhiteElo "2272"]
[BlackElo "2050"]
[Result "1-0"]
[Round "05"]
[TimeControl "180+1"]
[Date "2021.05.04"]
[WhiteClock "0:00:05"]
[BlackClock "0:00:03"]

1. e4 e6 2. Nf3 d5 3. Nc3 Nf6 4. Qe2 dxe4 5. Nxe4 Nxe4 6. Qxe4 Nc6 7. g3 Be7 8. Bg2 Qd5 9. d3 Qxe4+ 10. dxe4 e5 11. Be3 f6 12. O-O-O Be6 13. a3 Kf7 14. Rd2 Rhd8 15. Rhd1 Rxd2 16. Rxd2 Rd8 17. h3 b6 18. Bf1 Na5 19. Rxd8 Bxd8 20. Nd2 c5 21. f4 exf4 22. gxf4 g6 23. b3 Bc7 24. Kb2 h5 25. Bg2 Nc6 26. c3 Ne7 27. b4 cxb4 28. axb4 f5 29. e5 Bd5 30. Bf1 Ke6 31. c4 Bc6 32. h4 Bb7 33. Kc3 Nc6 34. Nb3 a6 35. b5 axb5 36. cxb5 Nb8 37. Bc4+ Kd7 38. Nd4 Bd8 39. Bf7 Bxh4 40. Bxg6 Be1+ 41. Kc4 h4 42. Bxf5+ Ke7 43. Bh3 Nd7 44. Nc6+ Ke8 45. Kd5 Nb8 46. f5 Bc3 47. e6 Nxc6 48. bxc6 Bc8 49. Bg5 Bb2 50. f6 b5 51. f7+ Kf8 52. Bh6+ Ke7 53. f8=Q# 1-0


[Site "https://www.chess.com"]

[Event "Titled Tuesday Blitz May 4 2021"]
[White "Lopez Del Alamo, Antonio"]
[Black "Gusarov, Grigory"]
[WhiteFideId "2227339"]
[BlackFideId "24102172"]
[WhiteElo "2098"]
[BlackElo "2285"]
[Result "0-1"]
[Round "05"]
[TimeControl "180+1"]
[Date "2021.05.04"]
[WhiteClock "0:00:17"]
[BlackClock "0:00:44"]

1. e4 d5 2. exd5 Nf6 3. d4 Nxd5 4. Nf3 g6 5. Be2 Bg7 6. O-O O-O 7. c4 Nb6 8. Nc3 Bg4 9. Qb3 Nc6 10. Be3 Bxf3 11. Bxf3 Na5 12. Qb4 Nbxc4 13. b3 c5 14. Qxc5 Rc8 15. Qb4 Nxe3 16. fxe3 Nc6 17. Qa4 Nxd4 18. exd4 Rxc3 19. Rad1 Qb6 20. Kh1 Rd8 21. d5 Bf6 22. Rfe1 Kg7 23. h3 a6 24. Qe4 h5 25. Qa4 Rc2 26. Rc1 Rdc8 27. Rxc2 Rxc2 28. Qe8 Qf2 29. Rd1 Rd2 30. Rxd2 Qe1+ 31. Kh2 Be5+ 32. g3 Qxg3+ 33. Kh1 Qxf3+ 34. Rg2 Qxh3+ 35. Kg1 Bd4+ 36. Kf1 Qf3+ 37. Ke1 Qxg2 0-1


[Site "https://www.chess.com"]

[Event "Titled Tuesday Blitz May 4 2021"]
[White "Lopez Gracia, Fernando"]
[Black "Poormosavi, Seyed Kian"]
[WhiteFideId "2207184"]
[BlackFideId "12585807"]
[WhiteElo "2331"]
[BlackElo "2134"]
[Result "0-1"]
[Round "05"]
[TimeControl "180+1"]
[Date "2021.05.04"]
[WhiteClock "0:00:26"]
[BlackClock "0:01:50"]

1. c4 Nf6 2. Nc3 c5 3. Nf3 b6 4. g3 Bb7 5. Bg2 g6 6. b3 Bg7 7. Bb2 O-O 8. O-O d5 9. cxd5 Nxd5 10. d4 Nxc3 11. Bxc3 cxd4 12. Bxd4 Bxf3 13. Bxf3 Bxd4 14. Rc1 Na6 15. Bxa8 Bxf2+ 16. Rxf2 Qxa8 17. Qd7 Qe4 18. Qxa7 Qe3 19. Rc6 Rd8 20. Qxb6 Rd1+ 21. Kg2 Qe4+ 22. Rf3 Rd2 23. Rc8+ Kg7 24. Qc6 Qxe2+ 25. Kh3 Qxh2+ 26. Kg4 Rd4+ 27. Rf4 Qh5# 0-1


[Site "https://www.chess.com"]

[Event "Titled Tuesday Blitz May 4 2021"]
[White "Loy, Konstantin"]
[Black "Ognean, Mihnea-Ionut"]
[WhiteFideId "14122499"]
[BlackFideId "1232347"]
[WhiteElo "2084"]
[BlackElo "2012"]
[Result "0-1"]
[Round "05"]
[TimeControl "180+1"]
[Date "2021.05.04"]
[WhiteClock "0:00:24"]
[BlackClock "0:00:29"]

1. e4 c5 2. Nf3 Nc6 3. Nc3 e5 4. Bc4 Be7 5. d3 Nf6 6. Ng5 O-O 7. f4 exf4 8. Bxf4 h6 9. Nf3 d6 10. O-O Na5 11. Qd2 Be6 12. b3 a6 13. a4 Nc6 14. h3 Nb4 15. Rae1 Re8 16. Bxe6 fxe6 17. e5 Nfd5 18. exd6 Bxd6 19. Be5 Nc6 20. Bxd6 Qxd6 21. Ne4 Qe7 22. Qf2 b6 23. Qg3 Rf8 24. Ne5 Nd4 25. Rxf8+ Qxf8 26. Rf1 Ne2+ 27. Kh2 Qxf1 0-1


[Site "https://www.chess.com"]

[Event "Titled Tuesday Blitz May 4 2021"]
[White "Lysenko, Volodymyr"]
[Black "Gonzalez, Francisco Silva"]
[WhiteFideId "14175770"]
[BlackFideId "1512285"]
[WhiteElo "1957"]
[BlackElo "2159"]
[Result "0-1"]
[Round "05"]
[TimeControl "180+1"]
[Date "2021.05.04"]
[WhiteClock "0:00:07"]
[BlackClock "0:01:11"]

1. d4 Nf6 2. c4 e6 3. Nc3 Bb4 4. Qc2 d6 5. a3 Bxc3+ 6. Qxc3 Nbd7 7. Bg5 h6 8. Bh4 b6 9. e3 Bb7 10. Qc2 g5 11. Bg3 Ne4 12. Ne2 f5 13. Nc3 Ndf6 14. f3 Nxg3 15. hxg3 h5 16. Bd3 h4 17. e4 Qe7 18. O-O-O fxe4 19. Nxe4 Nxe4 20. Bxe4 O-O-O 21. Bxb7+ Kxb7 22. Qe4+ Kb8 23. Rde1 Qf6 24. g4 Rde8 25. Kb1 e5 26. d5 Qf4 27. Qxf4 exf4 28. Kc2 Kc8 29. Kd3 Kd7 30. Kd4 c5+ 31. dxc6+ Kxc6 32. b4 a6 33. a4 a5 34. b5+ Kd7 35. Kd5 Rhf8 36. Kd4 Rh8 37. Kd5 Re3 38. Rxe3 fxe3 39. Kd4 e2 40. Kd3 h3 41. Kxe2 hxg2 42. Rg1 Rf8 43. Rxg2 Rf4 44. Ke3 Rxc4 45. Ra2 Ke6 46. Ra3 d5 47. Kd3 Ke5 48. Ke3 Rb4 49. Ra2 d4+ 50. Kf2 Kf4 51. Kg2 Rc4 52. Ra3 Rc3 53. Ra2 d3 54. Kf1 Rc2 55. Ra3 d2 56. Ke2 Rb2 57. Rd3 Rb4 58. Kxd2 Rxa4 59. Rd6 Kxf3 60. Rxb6 Kxg4 61. Ra6 Kf3 62. b6 g4 63. b7 Rb4 64. Rxa5 Rxb7 65. Ra3+ Kg2 66. Ke2 Re7+ 67. Kd2 g3 68. Ra8 Kg1 69. Rf8 g2 70. Kd1 Re4 71. Kd2 Kh2 72. Rh8+ Kg3 73. Rg8+ Rg4 74. Rxg4+ 0-1


[Site "https://www.chess.com"]